AoeStats
← Tonir

Black Forest

509143091Analyzed
3v3 RM · 8d ago on Sep 25, 2026· 39m 30s· 6 players
Game mode
Random Map
Map size
Normal (6 player)
Population
200
Speed
Normal
Resources
Standard
Victory
Conquest
Starting age
Dark Age
Ending age
Imperial Age
RankedLock teamsTeams togetherTeam positionsShared explorationLock speedFull tech treeHidden civsTurbo modeCheats
Victory
Defeat
🇧🇭 Mongols · Bahrain
894
+11
🇺🇸 Persians · United States
765
+16
🇺🇸 Goths · United States
719
+18
🇪🇸 Franks · Spain
792
-16
🇲🇽 Danes · Mexico
769
-15
🇺🇸 Khmer · United States
742
-14
Dancen lepercon
0:57 Loom
13:10 Feudal Age
20:00 Castle Age
20:23 Double-Bit Axe
21:38 Wheelbarrow
22:58 Wheelbarrow
23:31 Gold Mining
24:58 Bow Saw
26:59 Hand Cart
27:14 Stone Mining
33:09 Imperial Age
30:34 Horse Collar
31:48 Ballistics
33:51 Double Crossbow
35:03 Gold Shaft Mining
35:37 Heavy Plow
35:23 Heavy Scorpion
38:16 Chemistry
Tonir
7:18 Loom
11:38 Feudal Age
12:15 Double-Bit Axe
20:07 Castle Age
19:33 Fishing Lines
19:47 Stone Mining
19:50 Gold Mining
22:43 Bow Saw
26:10 Gold Shaft Mining
27:50 Wheelbarrow
29:10 Gillnets
32:56 Imperial Age
31:38 Scale Barding Armor
31:46 Forging
32:27 Hand Cart
33:26 Husbandry
33:51 Chain Barding Armor
34:07 Iron Casting
34:09 Cavalier
36:49 Chivalry
38:23 Blast Furnace
37:59 Plate Barding Armor
37:17 Fletching
37:26 Town Watch
37:42 Murder Holes
37:33 Treadmill Crane
38:18 Ballistics
38:10 Masonry
pjanic1520
5:42 Loom
14:39 Feudal Age
19:46 Castle Age
18:57 Wheelbarrow
18:06 Horse Collar
18:15 Double-Bit Axe
22:33 Squires
22:18 Arson
26:29 Fishing Lines
27:34 Hand Cart
27:36 Gold Mining
29:17 Gillnets
29:54 Bow Saw
30:27 Gold Shaft Mining
30:09 Heavy Plow
31:20 Forging
31:33 Hamask
38:54 Iron Casting
38:20 Scale Mail Armor
zorot99
12:11 Feudal Age
19:56 Castle Age
18:34 Double-Bit Axe
18:50 Man-at-Arms
21:33 Squires
21:44 Horse Collar
22:20 Stone Mining
23:58 Heavy Plow
24:28 Gold Mining
24:28 Long Swordsman
24:51 Pikeman
26:36 Bow Saw
28:47 Forging
29:17 Wheelbarrow
29:24 Scale Mail Armor
30:29 Chain Mail Armor
31:39 Anarchy
39:47 Imperial Age
38:12 Iron Casting
MrPlatinum0
12:23 Feudal Age
14:54 Double-Bit Axe
16:23 Horse Collar
23:33 Castle Age
21:38 Gold Mining
21:40 Stone Mining
25:17 Bow Saw
25:49 Gold Shaft Mining
25:50 Stone Shaft Mining
25:50 Scale Barding Armor
25:57 Forging
26:50 Scale Mail Armor
28:18 Chain Barding Armor
29:58 Heavy Plow
31:53 Iron Casting
33:26 Chain Mail Armor
39:19 Imperial Age
ilikeslicebread
12:13 Feudal Age
13:04 Double-Bit Axe
13:10 Fishing Lines
16:03 Castle Age
18:00 Bow Saw
18:55 Gillnets
19:40 Loom
20:32 Wheelbarrow
25:18 Stone Mining
29:17 Imperial Age
28:11 Gold Mining
29:24 Hand Cart
28:59 Town Watch
29:55 Stone Shaft Mining
29:59 Gold Shaft Mining
29:40 Bloodlines
29:30 Husbandry
29:57 Elite Steppe Lancer
30:32 Horse Collar
31:41 Conscription
32:13 Scale Barding Armor
32:20 Forging
33:40 Chain Barding Armor
33:10 Capped Ram
34:33 Iron Casting
35:40 Heavy Plow
35:23 Siege Ram
38:50 Blast Furnace
Connection lost

Rejoining the realm…

Still unreachable

The connection could not be restored.

Session expired

The server has moved on; the page needs a fresh start.